 Dungeon Crawl Stone Soup version 0.25.1-3-ge44b62a0b3 (webtiles) character file.

Game seed: 16696992923910252639

47415 DogServant the Nimble (level 14, -4/124 HPs)
             Began as a White Draconian Transmuter on Nov 23, 2020.
             Was an Elder of Makhleb.
             Slain by a four-headed hydra (11 damage)
             ... on level 6 of the Lair of Beasts.
             The game lasted 00:38:02 (26800 turns).

DogServant the Nimble (White Draconian Transmuter) Turns: 26800, Time: 00:38:04

Health: -4/124     AC: 11    Str: 23    XL:     14   Next: 8%
Magic:  18/20      EV: 19    Int: 16    God:    Makhleb [****..]
Gold:   666        SH:  0    Dex: 12    Spells: 6/21 levels left

rFire    + . .     SeeInvis +     - Unarmed
rCold    + + .     Gourm    .   (no shield)
rNeg     + + .     Faith    +   (armour unavailable)
rPois    +         Spirit   .   (helmet restricted)
rElec    .         Reflect  .   s - +1 cloak {rPois}
rCorr    .         Harm     .   r - +0 pair of gloves
MR       +....     Rnd*Rage +   (no boots)
Stlth    +.........             u - amulet of Pasannufi {Faith rN+ Str+4 Int+2}
HPRegen  0.30/turn              f - ring "Henonk" {rF+ rC+ rN+ Str+2 SInv}
MPRegen  0.17/turn              (no ring)

@: no status effects
A: breathe frost, unfitting armour, berserk 1, cold resistance 1, cold-blooded,
AC +8
a: Breathe Frost, Minor Destruction, Lesser Servant of Makhleb, Major
Destruction, Renounce Religion


You were on level 6 of the Lair of Beasts.
You worshipped Makhleb.
Makhleb was greatly pleased with you.
You were not hungry.

You visited 3 branches of the dungeon, and saw 19 of its levels.
You also visited: Trove and Ossuary.

You collected 666 gold pieces.

Inventory:

Missiles
 a - 438 arrows
 k - 8 javelins (quivered)
Armour
 e - a +2 cloak
 r - a +0 pair of gloves (worn)
 s - a +1 cloak of poison resistance (worn)
Jewellery
 f - the ring "Henonk" (left hand) {rF+ rC+ rN+ Str+2 SInv}
   (You found it in an ossuary)

   [ring of positive energy]

   It affects your strength (+2).
   It protects you from fire.
   It protects you from cold.
   It protects you from negative energy.
   It lets you see invisible.
 u - the amulet of Pasannufi (around neck) {Faith rN+ Str+4 Int+2}
   (You took it off an orc on level 7 of the Dungeon)

   [amulet of faith]

   It allows you to gain divine favour quickly.
   It affects your strength (+4).
   It affects your intelligence (+2).
   It protects you from negative energy.
 A - an uncursed ring of positive energy
 F - an uncursed ring of poison resistance
 L - an uncursed ring of resist corrosion {unknown}
 M - an uncursed amulet of the acrobat {unknown}
 P - a +4 ring of protection {unknown}
Wands
 p - a wand of polymorph (3)
 t - a wand of random effects (36)
 x - a wand of digging (5)
 G - a wand of iceblast (11)
 H - a wand of flame (40)
 I - a wand of enslavement (10)
Scrolls
 b - 13 scrolls of remove curse
 d - 10 scrolls of teleportation
 g - 3 scrolls of fear
 h - 2 scrolls of enchant weapon
 i - 3 scrolls of fog
 l - a scroll of silence {unknown}
 o - a scroll of amnesia
 y - 3 scrolls of blinking {unknown}
 z - 2 scrolls of immolation {unknown}
 B - 2 scrolls of magic mapping
 D - 7 scrolls of identify
 E - a scroll of holy word {unknown}
 J - a scroll of brand weapon {unknown}
 K - a scroll of summoning {unknown}
Potions
 j - 5 potions of curing
 m - 3 potions of haste
 n - 3 potions of might
 q - a potion of heal wounds
 v - a potion of magic
 w - 3 potions of ambrosia
 C - 3 potions of lignification
 N - a potion of stabbing
 O - 2 potions of brilliance
 R - a potion of berserk rage {unknown}
Comestibles
 c - 19 rations


   Skills:
 - Level 11.2 Fighting
 - Level 13.0 Dodging
 + Level 11.5 Unarmed Combat
 - Level 4.1 Spellcasting
 - Level 9.0 Transmutations
 + Level 4.4 Ice Magic
 + Level 8.3 Invocations


You had 6 spell levels left.
You knew the following spells:

 Your Spells              Type           Power        Failure   Level  Hunger
a - Beastly Appendage     Tmut           ####..       1%          1    None
b - Sticks to Snakes      Tmut           ####....     1%          2    ##.....
c - Spider Form           Tmut/Pois      ###.......   8%          3    ###....
d - Blade Hands           Tmut           ####......   12%         5    ######.
e - Ice Form              Ice/Tmut       ###.....     11%         4    ####...

Your spell library contained the following spells:

 Spells                   Type           Power        Failure   Level  Hunger
 Ensorcelled Hibernation  Hex/Ice        ##....       10%         2    ##.....
 Corona                   Hex            #......      17%         1    None
 Summon Butterflies       Summ           #.......     17%         1    None
 Blink                    Tloc           N/A          26%         2    ##.....
 Shroud of Golubria       Chrm/Tloc      #.....       26%         2    ##.....
 Call Canine Familiar     Summ           #.......     45%         3    ###....
 Confusing Touch          Hex            #.......     45%         3    ###....
 Dazzling Flash           Conj/Hex       #.....       45%         3    ###....
 Gell's Gravitas          Tloc           #.........   45%         3    ###....
 Lesser Beckoning         Tloc           #.........   45%         3    ###....
 Teleport Other           Tloc           #.......     45%         3    ###....
 Tukima's Dance           Hex            #.......     45%         3    ###....
 Summon Ice Beast         Ice/Summ       ##......     54%         4    ####...
 Passage of Golubria      Tloc           N/A          86%         4    ####...
 Bolt of Magma            Conj/Fire/Erth #.........   99%         5    ######.
 Iskenderun's Battlesphe  Conj/Chrm      #.......     99%         5    ######.
 Summon Mana Viper        Hex/Summ       #.......     99%         5    ######.
 Iron Shot                Conj/Erth      #.........   100%        6    #######
 Orb of Destruction       Conj           #.........   100%        7    #######
 Spellforged Servitor     Conj/Summ      #.........   100%        7    #######
 Summon Hydra             Summ           #.........   100%        7    #######


Dungeon Overview and Level Annotations

Branches:
Dungeon (12/15)            Temple (1/1) D:5            Lair (6/6) D:10
 Shoals (0/4) Lair:3        Snake (0/4) Lair:2        Slime (0/5) Lair:5
    Orc (0/2) D:11        Ossuary (visited)

Altars:
Ashenzari
Cheibriados
Dithmenos
Elyvilon
Fedhas
Gozag
Hepliaklqana
Kikubaaqudgha
Makhleb
Nemelex Xobeh
Okawaru
Qazlal
Ru
Sif Muna
Trog
Uskayaw
Vehumet
Wu Jian
Xom
Yredelemnul
Zin
The Shining One

Shops:
D:4 *   D:7 =   D:12 [

Portals:
Abyss: D:12

Annotations:
D:6 exclusion: statue
D:12 2 transporters, Pompupna's ghost, journeyman TrBe


Innate Abilities, Weirdness & Mutations

You can breathe waves of freezing cold.
You can buffet flying creatures when you breathe cold.
Your icy white scales are hard. (AC +8)
You cannot fit into any form of body armour.
Your flesh is cold resistant. (rC+)
You are cold-blooded and may be slowed by cold attacks.
You tend to lose your temper in combat.


Message History

The harpy claws you!
* * * LOW HITPOINT WARNING * * *
The harpy misses you. The harpy claws you but does no damage.
The harpy claws you.
* * * LOW HITPOINT WARNING * * *
The harpy screeches!
The harpy completely misses you. The harpy barely misses you.
There is a stone staircase leading up here.
The harpy screeches!
The harpy completely misses you. The harpy misses you.
You climb upwards.
There is a stone staircase leading down here.
You climb downwards.
The harpy screeches!
The harpy claws you.
* * * LOW HITPOINT WARNING * * *
The harpy misses you. The four-headed hydra bites you.
* * * LOW HITPOINT WARNING * * *
The four-headed hydra bites you!
You die...

....÷......[............
............[.............P
...........................
..............<............
..#'P#......##P.P..#....P#
..÷..##....###P..##.....P#
###..###..h.###..###.....#
#.#..##......#.hD.#......#
.......'...P#..H@+......##
....P##......+.h.###.....#
#....###.........##.....P#
#..### #....######.......#
.#... ##.....##.####.....##
....#.#....P....P#.........#
............................
##.#......#...#..##########P
# ###########..###


You could see a four-headed hydra, 2 polar bears and a harpy.

Vanquished Creatures
  Snorg (Lair:4)
  3 two-headed ogres
  2 unseen horrors
  A sea snake (Lair:6)
  A wizard (D:12)
  2 ugly things
  5 oklob plants
  A cyclops (D:11)
  2 black mambas
  3 merfolk sirens (Lair:3)
  9 spiny frogs
  4 komodo dragons
  4 rime drakes
  A merfolk (Lair:3)
  A hornet (Lair:6)
  A polar bear (Lair:5)
  2 trolls
  8 hippogriffs
  4 dream sheep (Lair:4)
  21 blink frogs
  Sigmund (D:5)
  16 yaks
  A wraith (D:12)
  A yak (shapeshifter) (D:10)
  A wyvern (D:10)
  3 basilisks
  5 vampire mosquitoes (D:12)
  2 hungry ghosts
  A soldier ant (D:12)
  3 wargs (D:11)
  8 water moccasins
  9 porcupines
  6 orc warriors
  3 phantoms
  4 black bears
  3 sky beasts
  An eye of draining (D:11)
  4 ogres
  8 wolves
  16 centaurs
  10 crocodiles
  Blork the orc (D:5)
  An elf zombie (D:6)
  11 bullfrogs
  A wyvern zombie (D:11)
  4 scorpions
  6 killer bees
  4 wights (D:11)
  4 howler monkeys
  3 crimson imps
  2 bullfrog zombies
  4 centaur zombies (Ossuary)
  2 jellies (D:7)
  3 human zombies
  6 orc priests
  4 hounds
  A human skeleton (D:6)
  14 orc wizards
  3 centaur skeletons
  3 bullfrog skeletons
  Terence (D:2)
  Natasha (thrice) (D:4)
  12 worker ants
  5 iguanas
  A big kobold zombie (Ossuary)
  2 mummies (Ossuary)
  A worker ant zombie (D:11)
  4 gnolls (D:5)
  A howler monkey skeleton (D:6)
  8 adders
  2 shadow imps
  An adder zombie (D:6)
  A worm (D:3)
  4 dart slugs
  4 leopard geckos
  70 orcs
  8 bats
  A giant cockroach (D:5)
  6 goblins
  7 hobgoblins
  3 quokkas
  3 ball pythons
  7 frilled lizards
  A goblin zombie (Ossuary)
  11 hobgoblin zombies (Ossuary)
  7 kobolds
  7 kobold zombies (Ossuary)
  A leopard gecko skeleton (D:8)
  3 orc skeletons (D:6)
  6 orc zombies (Ossuary)
  A quokka zombie (D:6)
  10 rats
  2 rat zombies (Ossuary)
463 creatures vanquished.

Vanquished Creatures (collateral kills)
  2 human zombies (Ossuary)
  An orc (D:3)
  A rat zombie (Ossuary)
4 creatures vanquished.

Vanquished Creatures (others)
  2 fungi (Lair:6)
  7 plants
9 creatures vanquished.

Grand Total: 476 creatures vanquished

Notes
Turn   | Place    | Note
-------+----------+-------------------------------------------
     0 | D:1      | DogServant the Draconian Transmuter began the quest for the
                  | Orb.
     0 | D:1      | Reached XP level 1. HP: 16/16 MP: 3/3
   246 | D:1      | Reached XP level 2. HP: 16/23 MP: 3/5
  1196 | D:2      | Reached XP level 3. HP: 28/28 MP: 4/6
  1212 | D:2      | You fall into a shaft and drop 1 floor!
  1534 | D:3      | Learned a level 2 spell: Sticks to Snakes
  1538 | D:3      | Learned a level 3 spell: Spider Form
  1612 | D:3      | Found a sparkling altar of Nemelex Xobeh.
  1817 | D:2      | Noticed Terence
  1954 | D:2      | Killed Terence
  1954 | D:2      | Reached XP level 4. HP: 20/35 MP: 4/7
  3351 | D:3      | Reached XP level 5. HP: 34/40 MP: 2/8
  3642 | D:3      | Found a sacrificial altar of Ru.
  3879 | D:3      | Found a blossoming altar of Fedhas.
  3997 | D:3      | Reached skill level 5 in Unarmed Combat
  4417 | D:4      | Noticed an ogre
  4646 | D:4      | Reached XP level 6. HP: 34/47 MP: 6/9
  4646 | D:4      | Reached skill level 5 in Transmutations
  4773 | D:4      | Found Hecluep's Elemental Accessories.
  5236 | D:4      | Noticed Natasha
  5243 | D:4      | Killed Natasha
  5243 | D:4      | Your scales start taking on an icy white colour.
  5243 | D:4      | Reached XP level 7. HP: 52/52 MP: 6/10
  5243 | D:4      | Gained mutation: Your flesh is cold resistant. (rC+) [White
                  | Draconian growth]
  5316 | D:4      | Reached skill level 2 in Dodging
  5316 | D:4      | Noticed Natasha
  5324 | D:4      | Killed Natasha
  5678 | D:4      | Noticed Natasha
  5683 | D:4      | Killed Natasha
  6080 | D:5      | Entered Level 5 of the Dungeon
  6121 | D:5      | Found a staircase to the Ecumenical Temple.
  6125 | D:5      | Noticed Blork the orc
  6131 | Temple   | Entered the Ecumenical Temple
  6287 | Temple   | Became a worshipper of Makhleb the Destroyer
  6308 | D:5      | Killed Blork the orc
  6308 | D:5      | Reached skill level 3 in Dodging
  6922 | D:5      | Noticed Sigmund
  6931 | D:5      | Killed Sigmund
  6931 | D:5      | Reached XP level 8. HP: 26/66 MP: 7/11
  7362 | D:5      | Reached skill level 4 in Dodging
  7795 | D:6      | Found a shimmering altar of Xom.
  7891 | D:6      | Reached skill level 5 in Fighting
  8000 | D:6      | Reached skill level 5 in Dodging
  8008 | D:6      | Found a sand-covered staircase.
  8013 | Ossuary  | Entered an ossuary
  8071 | Ossuary  | Reached * piety under Makhleb
  8362 | Ossuary  | Got a transparent wooden ring
  8431 | Ossuary  | Reached ** piety under Makhleb
  8847 | D:6      | Found a radiant altar of Vehumet.
  8855 | D:6      | Learned a level 5 spell: Blade Hands
  9456 | D:6      | Reached XP level 9. HP: 75/75 MP: 8/12
  9482 | D:6      | Identified the ring "Henonk" {rF+ rC+ rN+ Str+2 SInv} (You
                  | found it in an ossuary)
 10055 | D:7      | Noticed a cyan ugly thing
 10445 | D:7      | Reached skill level 6 in Dodging
 10484 | D:7      | Killed a cyan ugly thing
 11153 | D:7      | Found Wusiu's Jewellery Emporium.
 11211 | D:7      | Noticed a komodo dragon
 11216 | D:7      | Killed a komodo dragon
 11216 | D:7      | Reached skill level 7 in Dodging
 11264 | D:7      | Identified the amulet of Pasannufi {Faith rN+ Str+4 Int+2}
 11282 | D:7      | Got a shimmering longbow
 11290 | D:7      | Identified the +3 longbow "Jeosobergh" {freeze, rF+} (You
                  | found it on level 7 of the Dungeon)
 11878 | D:8      | Reached XP level 10. HP: 90/90 MP: 8/13
 11930 | D:8      | Reached skill level 8 in Dodging
 12421 | D:8      | Found a shattered altar of Ashenzari.
 13211 | D:9      | Reached *** piety under Makhleb
 13740 | D:10     | Entered Level 10 of the Dungeon
 14147 | D:10     | Reached **** piety under Makhleb
 14165 | D:10     | Found a staircase to the Lair.
 14505 | D:10     | Reached skill level 10 in Unarmed Combat
 14548 | D:10     | Noticed a white ugly thing
 14558 | D:10     | Killed a cyan ugly thing
 14852 | D:10     | Noticed an unseen horror
 14857 | D:10     | Killed an unseen horror
 14857 | D:10     | Reached XP level 11. HP: 83/95 MP: 3/14
 15447 | D:11     | Found a staircase to the Orcish Mines.
 16068 | D:11     | Noticed a two-headed ogre
 16072 | D:11     | Killed a two-headed ogre
 16187 | D:11     | Found a portal to a secret trove of treasure.
 16200 | Trove    | Entered a treasure trove
 16946 | D:12     | Noticed a two-headed ogre
 17246 | D:12     | Noticed a hell hog
 17249 | D:12     | Noticed a wizard
 17252 | D:12     | Identified the +3 bardiche of Disintegration {distort,
                  | SInv}
 17252 | D:12     | Noticed an orc knight
 17417 | D:12     | Found a transporter.
 17420 | D:12     | Noticed a great orb of eyes
 17447 | D:12     | Found a one-way gate to the infinite horrors of the Abyss.
 17447 | D:12     | Noticed Pompupna's ghost (journeyman TrBe)
 17448 | D:12     | Found a transporter.
 17449 | D:12     | Noticed a hell hog
 17456 | D:12     | Noticed a two-headed ogre
 17466 | D:12     | Killed a two-headed ogre
 17580 | D:12     | Noticed Sonja
 17581 | D:12     | Noticed Sonja
 17581 | D:12     | Sonja changed into Sonja the soldier ant
 17586 | D:12     | Killed Sonja the soldier ant
 17591 | D:12     | Killed a two-headed ogre
 17591 | D:12     | Reached skill level 9 in Dodging
 17906 | D:12     | Noticed a wizard
 17914 | D:12     | Killed a wizard
 18074 | D:12     | Reached skill level 10 in Fighting
 18118 | D:12     | Found Okhlukich's Antique Armour Shoppe.
 18213 | D:12     | Found an ornate altar of the Wu Jian Council.
 18214 | D:12     | Noticed an unseen horror
 18222 | D:12     | Killed an unseen horror
 18589 | Lair:1   | Entered Level 1 of the Lair of Beasts
 18589 | Lair:1   | Found a frozen archway.
 18594 | Lair:1   | Reached skill level 10 in Dodging
 18596 | Lair:1   | Reached XP level 12. HP: 70/106 MP: 9/15
 18670 | D:10     | Reached skill level 11 in Dodging
 18670 | D:10     | Reached XP level 13. HP: 33/116 MP: 5/19
 18719 | D:10     | Gained mutation: You tend to lose your temper in combat.
                  | [mutagenic glow]
 19180 | D:10     | Found a staircase to the Lair.
 19798 | D:10     | Found a staircase to the Lair.
 20485 | D:10     | Reached skill level 1 in Invocations
 22102 | Lair:2   | Reached skill level 12 in Dodging
 22209 | Lair:2   | Found a staircase to the Snake Pit.
 22494 | Lair:3   | Learned a level 4 spell: Ice Form
 22777 | Lair:3   | You fall into a shaft and drop 1 floor!
 22814 | Lair:4   | Noticed Snorg
 22826 | Lair:4   | Killed Snorg
 23036 | Lair:4   | Reached skill level 5 in Invocations
 24148 | Lair:4   | Reached skill level 13 in Dodging
 25119 | Lair:3   | Found a staircase to the Shoals.
 25467 | Lair:5   | Found a staircase to the Slime Pits.
 25545 | Lair:5   | Reached skill level 1 in Ice Magic
 26399 | Lair:6   | Entered Level 6 of the Lair of Beasts
 26574 | Lair:6   | Reached XP level 14. HP: 124/124 MP: 14/20
 26800 | Lair:6   | Slain by a four-headed hydra

Illustrated notes

Levels and vault maps discovered:
D:1:      psy_arrival_fountain, layout_basic, minmay_cut_off
D:2:      layout_rooms, first_ration, kennysheep_nondescript,
          minmay_hexomino_u4, uniq_terence
D:3:      layout_loops_corners, nemelex_xobeh_ov_fountains_minmay,
          fedhas_altar_4, overflow_temple_1_default, fountainhead
D:4:      layout_basic, nicolae_elemental_shop, uniq_natasha
D:5:      layout_basic, minmay_temple_entry_ruins, uniq_blork_the_orc,
          uniq_sigmund
D:6:      layout_layer_cave, vehumet_statue, xom_teletrap_fun,
          nicolae_ossuary_entry_catacombs, serial_bayou_pond_d
D:7:      minmay_blocky_corners, layout_basic, serial_shops, shop
D:8:      layout_cave_pools, ashenzari_conservatory_becter
D:9:      layout_gridville
D:10:     layout_basic, david_lair_generic
D:11:     layout_loops_corners, david_orc_1_choice, enter_trove_2,
          minmay_misc_feat_five
D:12:     layout_loops_ring, gammafunk_ghost_abyssal_escape, basic_altar,
          serial_shops, nicolae_shop_waterfront, uniq_sonja
Temple:   eino_temple_scatter_basement
Lair:1:   layout_cave_pods, portal_ice_cave_rime
Lair:2:   layout_regular_city, guppyfry_snake_entry_island,
          chequers_serial_rivers_room_a, serial_bayou_shore_a,
          minmay_lair_oklob_chamber
Lair:3:   layout_gridlike, elwin_shoals_entry_stream, infiniplex_staircase_pool,
          lemuel_fruit_fields, serial_bayou_shore_b, serial_bayou_shore_b
Lair:4:   layout_cave_pods, uniq_snorg
Lair:5:   layout_regular_city, minmay_slime_entry_oklob_open, lemuel_fruit_tree
Lair:6:   gammafunk_lair_ancient_temple, layout_regular_city

Skill      XL: |  1  2  3  4  5  6  7  8  9 10 11 12 13 14 |
---------------+-------------------------------------------+-----
Transmutations | 3 4 6 7 8 9 |  9.0
Unarmed Combat | 4 5 10 11 | 11.5
Dodging        | 3 5 7 8 10 11 13 | 13.0
Fighting       | 3 6 8 10 11 | 11.2
Spellcasting   | 4 |  4.1
Invocations    | 8 |  8.3
Ice Magic      | 3 4 |  4.4

Action                   |  1- 3 |  4- 6 |  7- 9 | 10-12 | 13-15 || total
-------------------------+-------+-------+-------+-------+-------++-------
Melee: Unarmed           |   156 |   146 |   474 |   337 |   331 ||  1444
       Tailslap          |    12 |     8 |    49 |    46 |    35 ||   150
       Headbutt          |     6 |     5 |    22 |     5 |     3 ||    41
       Kick              |     9 |     7 |    58 |     4 |     9 ||    87
       Punch             |       |     2 |     8 |    16 |    15 ||    41
Throw: Javelin           |       |     8 |       |       |       ||     8
 Cast: Beastly Appendage |    20 |    14 |    37 |     9 |    12 ||    92
       Spider Form       |     1 |     8 |    15 |       |       ||    24
       Sticks to Snakes  |       |     1 |     3 |     2 |       ||     6
       Blade Hands       |       |       |     7 |    49 |    48 ||   104
Invok: Lesser Servant of |       |       |       |       |     1 ||     1
 Abil: Breathe Frost     |       |       |     7 |     8 |     6 ||    21
       End Transformatio |       |       |     2 |       |       ||     2
Evoke: Wand              |       |       |       |     1 |       ||     1
  Use: Scroll            |     1 |     6 |     9 |     6 |     2 ||    24
       Potion            |       |       |     2 |     2 |     5 ||     9
 Stab: Sleeping          |     1 |       |     2 |       |       ||     3
  Eat: Chunk             |     4 |     7 |    18 |    37 |    29 ||    95
       Ration            |       |     1 |     4 |     3 |     5 ||    13
Armor: Skin              |    41 |    26 |    95 |    65 |    60 ||   287
Dodge: Dodged            |   104 |   111 |   320 |   244 |   238 ||  1017
